 Dungeon Crawl Stone Soup version 0.31-b1-22-gc680215f68 (webtiles) character file.

Game seed: 8683656730720902273

42 Esekla the Sneak (level 3, 0/26 HPs)
             Began as an Octopode Delver on Jan 19, 2024.
             Slain by an ufetubus (1 damage)
             ... on level 5 of the Dungeon.
             The game lasted 00:01:57 (81 turns).

Esekla the Sneak (Octopode Delver)                    Turns: 81, Time: 00:01:57

Health: 0/26       AC:  1    Str: 11    XL:     3   Next: 54%
Magic:  3/4        EV: 13    Int: 14    God:
Gold:   37         SH:  0    Dex: 13    Spells: 3/3 levels left

rFire   . . .        a - +0 falchion
rCold   . . .        (no shield)
rNeg    . . .        (helmet restricted)
rPois   .            (no amulet)
rElec   .            (no ring)
rCorr   .            (no ring)
SInv    .            (no ring)
Will    .....        (no ring)
Stlth   ++++         (no ring)
HPRegen 0.24/turn    (no ring)
MPRegen 0.09/turn    (no ring)
                     (no ring)

%: no passive effects
@: hasted, very quick
A: almost no armour, amphibious, 8 rings, camouflage 1, gelatinous body 1,
(nimble swimmer 1), tentacles
a: no special abilities


You were on level 5 of the Dungeon.
You visited 1 branch of the dungeon, and saw 1 of its levels.

You collected 37 gold pieces.

Inventory:

Hand Weapons
 a - a +0 falchion (weapon)
Wands
 f - a wand of digging (3)
Scrolls
 b - a scroll of fog


   Skills:
 * Level 3.3 Fighting
 * Level 2.2 Long Blades
 * Level 2.2 Dodging
 + Level 7.3 Stealth
 * Level 0.7 Spellcasting


You had 3 spell levels left.
You didn't know any spells.
Your spell library was empty.

Dungeon Overview and Level Annotations

Branches:
Dungeon (5/15)             Temple (0/1) D:5

Altars:


Innate Abilities, Weirdness & Mutations

You cannot wear most types of armour.
You are amphibious.
You can wear up to eight rings at the same time.
Your skin changes colour to match your surroundings (Stealth+).
Your rubbery body absorbs attacks. (AC +1, EV +1)
((You are camouflaged when in or above water. (Stealth+)))
You have tentacles for arms and can constrict up to eight enemies at once.


Message History

Your Stealth skill increases to level 7!
You have reached level 2!
You have reached level 3!
Your experience leads to an increase in your attributes!
Increase (S)trength, (I)ntelligence, or (D)exterity?
You feel clever. x2
You barely miss the ufetubus. You grab the ufetubus.
Your squeeze misses the ufetubus. You constrict the ufetubus.
The ufetubus struggles to escape constriction.
The ufetubus escapes!
The ufetubus hits you. The ufetubus barely misses you.
The ufetubus attacks as it pursues you! The ufetubus completely misses you.
The ufetubus barely misses you.
You closely miss the ufetubus. Your grab misses the ufetubus.
Your squeeze misses the ufetubus. The ufetubus slips past you!
The ufetubus closely misses you. x2; The ufetubus hits you.
The ufetubus barely misses you.
You barely miss the ufetubus. Your grab misses the ufetubus.
Your squeeze misses the ufetubus.
The ufetubus hits you but does no damage.
The ufetubus misses you. The ufetubus hits you. x2
* * * LOW HITPOINT WARNING * * *
The ufetubus completely misses you. The ufetubus hits you.
* * * LOW HITPOINT WARNING * * *
The ufetubus barely misses you. x2
As you read the scroll of fear, it crumbles to dust.
You assume a fearsome visage.
The iguana looks frightened!
The ufetubus looks frightened! x2; The iguana looks frightened!
An orc wizard comes into view. It is wielding a +0 dagger.
An orc comes into view. It is wielding a +0 flail.
You feel yourself speed up. The ufetubus attacks as it pursues you!
The ufetubus hits you but does no damage.
The ufetubus hits you.
* * * LOW HITPOINT WARNING * * *
The orc wizard mumbles some strange words.
The orc wizard flickers and vanishes!
Deactivating autopickup; reactivate with Ctrl-A.
The ufetubus attacks as it pursues you! The ufetubus hits you.
You die...

,*,,,,,,*****..........#*****
,**,,,,,,,,,,..........#
,****,*,*****..........* ,*
*,*,*****,,.......,* ,**
*.,,*,,,,,,......***
,,***#.,*<,,*,##.##.##
,,,,*...,,,,,,#..##..##
,**,*.#..,,,**#..###.l#
,,,,,.....,*###.@# ##5#
,,,,,......##...5####.##########
,,,***,#..o...##.####..#########
******,#.#.{.........#...#######
* *,,,#.............###.#######
****,**#.....##......###.#######
*,,,,,...#.#.##....(.###.#######
*,*,,.#.#........#.#####.#######
,,,,,,#.#...$....#.#####.#######


You could see an ufetubus and an orc.

Vanquished Creatures
  A howler monkey (D:5)
  An orc (D:5)
2 creatures vanquished.

Notes
Turn   | Place    | Note
-------+----------+-------------------------------------------
     0 | D:5      | Esekla the Octopode Delver began the quest for the Orb.
     0 | D:5      | Reached XP level 1. HP: 16/16 MP: 1/1
    32 | D:5      | Noticed a howler monkey
    38 | D:5      | Noticed a scorpion
    46 | D:5      | Noticed an iguana
    49 | D:5      | Noticed an iguana
    56 | D:5      | Killed a howler monkey
    57 | D:5      | Reached skill level 7 in Stealth
    57 | D:5      | Reached XP level 2. HP: 15/21 MP: 1/3
    57 | D:5      | Reached XP level 3. HP: 19/26 MP: 1/4
    77 | D:5      | HP: 1/26 [ufetubus (5)]
    81 | D:5      | Slain by an ufetubus

Illustrated notes

Levels and vault maps discovered:
D:5:      layout_rooms, minmay_temple_entry_trees, minmay_misc_feat_tiny,
          nicolae_elevator_lobby_asterisk

Skill      XL: |  1 |
---------------+----+-----
Stealth        | 7 |  7.3
Fighting       | |  3.3
Long Blades    | |  2.2
Dodging        | |  2.2
Spellcasting   | |  0.7

Action                     || total
---------------------------++-------
  Melee: Falchion          ||    12
         Tentacles         ||     4
         Constrict         ||     3
    Use: Scroll            ||     2
         Potion            ||     1
 Armour: Skin              ||    11
  Dodge: Dodged            ||    19
